 Dungeon Crawl Stone Soup version 0.28-a0-750-g7c675f85b1 (webtiles) character file.

Game seed: 16444508186269880313

2206 ytrimaz the Covered (level 9, -2/70 HPs)
             Began as a Demonspawn Fighter on Oct 30, 2021.
             Was an Initiate of Makhleb.
             Slain by a warg (12 damage)
             ... led by the fury of Okawaru
             ... on level 6 of the Dungeon.
             The game lasted 00:09:50 (7521 turns).

ytrimaz the Covered (Demonspawn Fighter)            Turns: 7521, Time: 00:09:50

Health: -2/70      AC:  9    Str: 19    XL:     9   Next: 12%
Magic:  9/9        EV:  9    Int: 10    God:    Makhleb [......]
Gold:   241        SH: 11    Dex: 13    Spells: 8/8 levels left

rFire   . . .      SeeInvis .   k - +7 short sword (venom)
rCold   . . .      Faith    .   c - +0 buckler
rNeg    . . .      Spirit   .   b - +0 scale mail
rPois   +          Reflect  +   (no helmet)
rElec   .          Harm     .   (no cloak)
rCorr   +          Rampage  .   (no gloves)
Will    .....                   (no boots)
Stlth   ..........              g - amulet of reflection
HPRegen 0.21/turn               j - ring of poison resistance
MPRegen 0.11/turn               m - ring of resist corrosion

@: mighty
A: hooves 1, demonic guardian 3, sharp scales 1
a: Renounce Religion


You were on level 6 of the Dungeon.
You worshipped Makhleb.
Makhleb was noncommittal.
You visited 2 branches of the dungeon, and saw 7 of its levels.
You also visited: Sewer.

You collected 241 gold pieces.

Inventory:

Hand Weapons
 k - a +7 short sword of venom (weapon)
 q - the +4 mace "Miox Pic" {antimagic, rN++ Dex-2}
   (You found it on level 4 of the Dungeon)

   It reduces the magical energy of the wielder, and disrupts the spells and
   magical abilities of those it strikes.
   Natural abilities and divine invocations are not affected.
   Dex:       It affects your dexterity (-2).
   rN:        It greatly protects you from negative energy.
 r - the +7 mace of Conformity {vorpal, rF+ Str+2}
   (You found it on level 4 of the Dungeon)

   It inflicts extra damage upon your enemies.
   Str:       It affects your strength (+2).
   rF:        It protects you from fire.
Armour
 b - a +0 scale mail (worn)
 c - a +0 buckler (worn)
Jewellery
 g - an amulet of reflection (around neck)
 h - a ring of positive energy
 j - a ring of poison resistance (left hand)
 m - a ring of resist corrosion (right hand)
Wands
 i - a wand of iceblast (10)
 p - a wand of acid (10)
Scrolls
 f - a scroll of noise
 o - 4 scrolls of teleportation
 t - a scroll of identify
 w - 2 scrolls of fear
Potions
 a - a potion of resistance {unknown}
 d - a potion of might
 e - 2 potions of brilliance
 l - 2 potions of curing
 n - a potion of lignification {unknown}
 s - a potion of attraction {unknown}
 v - 4 potions of magic {unknown}
 x - a potion of haste {unknown}


   Skills:
 + Level 6.3 Fighting
 - Level 1.7 Short Blades
 + Level 7.8 Armour
 + Level 7.1 Shields


You had 8 spell levels left.
You didn't know any spells.
Your spell library contained the following spells:

 Spells                   Type           Power      Damage    Failure   Level
 Poisonous Vapours        Pois/Air       0%         N/A       83%         2
 Static Discharge         Conj/Air       0%         N/A       83%         2
 Inner Flame              Hex/Fire       0%         N/A       96%         3
 Lesser Beckoning         Tloc           0%         N/A       96%         3
 Cause Fear               Hex            0%         N/A       100%        4
 Dispel Undead            Necr           0%         3d6       100%        4
 Sticky Flame             Conj/Fire      0%         2d3       100%        4
 Summon Forest            Summ/Tloc      0%         N/A       100%        5
 Discord                  Hex            0%         N/A       100%        8


Dungeon Overview and Level Annotations

Branches:
Dungeon (6/15)             Temple (1/1) D:6           Sewer (visited)

Altars:
Ashenzari
Cheibriados
Elyvilon
Fedhas
Hepliaklqana
Kikubaaqudgha
Makhleb
Okawaru
Qazlal
Ru
Sif Muna
Uskayaw
Vehumet
Xom
Yredelemnul
Zin


Innate Abilities, Weirdness & Mutations

You have large cloven feet.
A powerful demonic guardian rushes to your aid.
You are partially covered in razor-sharp scales. (AC +1, Slay +1)


Message History

The orc shouts!
You completely miss the orc knight. You kick the orc knight.
The orc knight is heavily wounded.
The orc knight roars a battlecry!
The orc goes into a battle-frenzy!
The orc hits you with a +0 mace!
You hit the orc knight.
The orc knight looks even sicker.
You kick the orc knight, but do no damage.
The orc knight is heavily wounded.
The orc knight hits you with a +0 long sword.
You block the orc's attack.
Unknown command.
You feel very mighty all of a sudden.
The orc knight hits you with a +0 long sword.
The orc barely misses you.
You puncture the orc knight!
The orc knight looks as sick as possible!
The orc knight is almost dead.
The orc knight hits you with a +0 long sword.
The orc barely misses you.
You closely miss the orc knight.
The orc knight is almost dead.
You kill the orc knight!
That felt strangely unrewarding.
You block the orc's attack.
Unknown command.
You puncture the orc!
You kill the orc!
That felt strangely unrewarding.
You puncture the warg! Your kick misses the warg.
The warg is moderately wounded.
The warg bites you!
* * * LOW HITPOINT WARNING * * *
A demonic guardian appears!
The warg bites you but does no damage.
Something hits your smoke demon but does no damage.
Unknown command.
You closely miss the warg. You block the warg's attack. x2
Something hits your smoke demon. The warg bites you.
* * * LOW HITPOINT WARNING * * *
Your smoke demon hits the warg. x3; The warg bites you!
You die...

#....#........# #.
######....#........####.
#........########....##.
#.........# ##......
#.........# ###########.
#.........# #.....# #...
#.........# #.....###...
#.......h3# #......##...
#######@#.# #..>........
#h#.###...<.##....
#h#.#.......##...≈
#.#.#....######..≈
#.#.#.......###.≈≈
#.#o#...##..##≈§.§
#.#.#.)....###≈≈≈.
#.#§#....### ##≈.§
##..C#[).## ##.#


You could see 3 wargs and a friendly smoke demon (summoned).

Vanquished Creatures
  An orc knight (D:6)
  A steam dragon (D:6)
  A water moccasin (D:6)
  Duvessa (D:4)
  An orc warrior (D:6)
  2 ogres
  2 black bears
  A necrophage (D:5)
  2 sky beasts
  A centaur (D:4)
  5 bullfrogs
  A scorpion (D:5)
  Dowan (D:4)
  A wight (D:4)
  Crazy Yiuf (D:4)
  2 bullfrog zombies (D:5)
  2 bullfrog skeletons
  An orc priest (D:4)
  3 hounds
  A centaur skeleton (D:6)
  An iguana (D:6)
  A hound skeleton (D:4)
  3 gnolls (D:4)
  9 adders
  5 river rats
  A shadow imp (D:4)
  An ufetubus (D:6)
  An adder skeleton (D:4)
  A worm (D:3)
  2 dart slugs
  10 orcs
  12 ball pythons
  5 bats
  7 endoplasms
  2 giant cockroaches
  5 goblins
  8 hobgoblins
  2 quokkas
  8 frilled lizards
  5 kobolds
  7 rats
127 creatures vanquished.

Vanquished Creatures (others)
  2 fungi (D:4)
2 creatures vanquished.

Grand Total: 129 creatures vanquished

Notes
Turn   | Place    | Note
-------+----------+-------------------------------------------
     0 | D:1      | ytrimaz the Demonspawn Fighter began the quest for the Orb.
     0 | D:1      | Reached XP level 1. HP: 18/18 MP: 1/1
   257 | D:1      | Gained mutation: You are partially covered in razor-sharp
                  | scales. (AC +1, Slay +1) [demonic ancestry]
   257 | D:1      | Reached XP level 2. HP: 24/24 MP: 2/2
   561 | D:1      | You fall into a shaft and drop 1 floor!
   684 | D:2      | Found a faded altar of an unknown god.
   690 | D:2      | Got the Papyrus of the Feathery Traveller
  1062 | D:2      | Reached XP level 3. HP: 17/29 MP: 3/3
  1893 | D:3      | Found a shimmering altar of Xom.
  1953 | D:3      | Reached XP level 4. HP: 31/37 MP: 4/4
  2490 | D:4      | Noticed Dowan
  2490 | D:4      | Noticed Duvessa
  3508 | D:4      | Killed Duvessa
  3509 | D:4      | Gained mutation: You have large cloven feet. [demonic
                  | ancestry]
  3509 | D:4      | Reached XP level 5. HP: 29/42 MP: 5/5
  3513 | D:4      | Killed Dowan
  3952 | D:4      | Reached XP level 6. HP: 48/48 MP: 6/6
  3982 | D:4      | Found a broken altar of Ashenzari.
  4104 | D:4      | Reached skill level 5 in Armour
  4326 | D:4      | Gained mutation: A weak demonic guardian rushes to your
                  | aid. [demonic ancestry]
  4326 | D:4      | Reached XP level 7. HP: 51/55 MP: 7/7
  4330 | D:4      | Identified the +7 mace of Conformity {vorpal, rF+ Str+2}
  4331 | D:4      | Found a runed translucent door.
  4332 | D:4      | Noticed Crazy Yiuf
  4339 | D:4      | Killed Crazy Yiuf
  4341 | D:4      | Identified the +4 mace "Miox Pic" {antimagic, rN++ Dex-2}
  4377 | D:4      | Found a stormy altar of Qazlal.
  4652 | D:4      | Reached skill level 5 in Fighting
  5164 | D:5      | Entered Level 5 of the Dungeon
  5172 | D:5      | Reached skill level 5 in Shields
  5319 | D:5      | Found an iron altar of Okawaru.
  5330 | D:5      | Became a worshipper of Warmaster Okawaru
  5410 | D:5      | Gained mutation: A demonic guardian rushes to your aid.
                  | [demonic ancestry]
  5410 | D:5      | Reached XP level 8. HP: 47/62 MP: 8/8
  5486 | D:5      | Found a shimmering blue altar of Sif Muna.
  5635 | D:5      | Found a glowing drain.
  5649 | Sewer    | Entered a sewer
  6169 | D:5      | Reached * piety under Okawaru
  6739 | D:6      | Reached ** piety under Okawaru
  6757 | D:6      | Gained mutation: A powerful demonic guardian rushes to your
                  | aid. [demonic ancestry]
  6757 | D:6      | Reached XP level 9. HP: 9/69 MP: 9/9
  7119 | D:6      | Found a staircase to the Ecumenical Temple.
  7222 | Temple   | Entered the Ecumenical Temple
  7326 | Temple   | Fell from the grace of Okawaru
  7326 | Temple   | Became a worshipper of Makhleb the Destroyer
  7497 | D:6      | Noticed a cyclops
  7497 | D:6      | Noticed an orc knight
  7518 | D:6      | Killed an orc knight
  7521 | D:6      | Slain by a warg

Illustrated notes

Levels and vault maps discovered:
D:1:      erik_arrival_triangle_small, layout_basic, minmay_misc_feat_enclosed
D:2:      layout_loops_cross, hellmonk_ecumenical_altar_run_dry
D:3:      layout_basic, lemuel_doored_altar
D:4:      minmay_chambers_of_threes, layout_rooms, lemuel_crystal_altar,
          ashenzari_conservatory_becter, uniq_crazy_yiuf_cottage, uniq_duvessa
D:5:      layout_cave_pools, old_standard_altar,
          mainiacjoe_overflow_cross_hatched, portal_sewer_entry_c,
          serial_bayou_crossing
D:6:      layout_rooms, minmay_temple_entry_fiery
Temple:   jpeg_temple_clearing

Skill      XL: |  1  2  3  4  5  6  7  8  9 |
---------------+----------------------------+-----
Armour         | 3 4 5 6 7 |  7.8
Shields        | 3 4 5 6 7 |  7.1
Fighting       | 4 5 6 |  6.3
Short Blades   | |  1.7

Action                   |  1- 3 |  4- 6 |  7- 9 || total
-------------------------+-------+-------+-------++-------
Melee: Rapier            |   101 |    59 |       ||   160
       Kick              |       |    16 |    67 ||    83
       Short sword       |       |    39 |   210 ||   249
  Use: Scroll            |     4 |     5 |    10 ||    19
       Potion            |       |     4 |     1 ||     5
Armor: Scale mail        |    74 |    35 |    58 ||   167
Dodge: Dodged            |    50 |    30 |    62 ||   142
Block: Buckler           |    32 |    29 |   123 ||   184
       Reflection        |       |     1 |     6 ||     7

Table legend: (Time is in decaauts)
 A = Elapsed time spent in this place.
 B = Non-inter-level travel time spent in this place.
 C = Inter-level travel time spent in this place.
 D = Time resting spent in this place.
 E = Time spent auto-exploring this place.
 F = Levels seen in this place.
 G = Mean time per level.
                   A        B        C        D        E       F      G
               +--------+--------+--------+--------+--------+-----+--------+
         Total |   7611 |   7259 |    352 |   2226 |   3833 |   8 |  951.4 |
       Dungeon |   7099 |   6789 |    310 |   2226 |   3482 |   6 | 1183.2 |
        Temple |    120 |     78 |     42 |      0 |     65 |   1 |  120.0 |
         Sewer |    392 |    392 |      0 |      0 |    286 |   1 |  392.0 |
               +--------+--------+--------+--------+--------+-----+--------+

Top non-repeatable levels by time:
     D:3: 1852 daAuts
     D:4: 1772 daAuts
     D:5: 1067 daAuts
     D:1: 887 daAuts
     D:6: 836 daAuts
     D:2: 682 daAuts
   Sewer: 392 daAuts
  Temple: 120 daAuts
